 Dungeon Crawl Stone Soup version 0.27.0-1-g7a089689b8 (webtiles) character file.

Game seed: 8728620669932912950

7904 Strat the Grappler (level 11, -7/109 HPs)
             Began as a Troll Transmuter on Aug 1, 2021.
             Was an Elder of Wu Jian.
             Mangled by a centaur warrior (12 damage)
             ... on level 9 of the Dungeon.
             The game lasted 00:18:48 (8480 turns).

Strat the Grappler (Troll Transmuter)               Turns: 8480, Time: 00:18:48

Health: -7/109     AC:  9    Str: 23    XL:     11   Next: 2%
Magic:  11/11      EV: 13    Int:  9    God:    Wu Jian [****..]
Gold:   451        SH:  0    Dex: 10    Spells: 6/12 levels left

rFire    . . .     SeeInvis .     - Unarmed
rCold    . . .     Faith    .   (no shield)
rNeg     . . .     Spirit   .   a - +1 robe
rPois    .         Reflect  .   (helmet restricted)
rElec    .         Harm     .   (no cloak)
rCorr    .         Rampage  .   (gloves unavailable)
Will     .....                  (boots unavailable)
Stlth    +.........             o - amulet of regeneration
HPRegen  2.28/turn              m - +4 ring of protection
MPRegen  0.12/turn              n - +4 ring of evasion

@: studying Unarmed Combat
A: large, unfitting armour, claws 3, regeneration 1, shaggy fur 1, tough skin 1
a: Renounce Religion, Wall Jump, Serpent's Lash


You were on level 9 of the Dungeon.
You worshipped Wu Jian.
Wu Jian was greatly pleased with you.
You visited 2 branches of the dungeon, and saw 11 of its levels.
You also visited: Sewer.

You collected 451 gold pieces.

Inventory:

Hand Weapons
 q - a +3 morningstar
Missiles
 c - 141 stones (quivered)
Armour
 a - a +1 robe (worn)
Jewellery
 m - a +4 ring of protection (left claw)
 n - a +4 ring of evasion (right claw)
 o - an amulet of regeneration (around neck)
 r - a ring of willpower
Wands
 u - a wand of flame (7)
 y - a wand of acid (2)
Scrolls
 f - 3 scrolls of enchant armour
 g - a scroll of brand weapon
 j - a scroll of teleportation
 s - a scroll of magic mapping
 v - a scroll of summoning
 w - 2 scrolls of amnesia
Potions
 b - a potion of resistance
 d - 2 potions of degeneration
 e - 4 potions of cancellation
 h - 2 potions of brilliance {unknown}
 i - a potion of flight {unknown}
 k - a potion of mutation {unknown}
 l - 4 potions of lignification {unknown}
 p - a potion of magic {unknown}


   Skills:
 + Level 7.4 Fighting
 - Level 1.5 Dodging
 + Level 14.9 Unarmed Combat
 - Level 1.2 Spellcasting
 - Level 1.3 Transmutations


You had 6 spell levels left.
You knew the following spells:

 Your Spells              Type           Power      Damage    Failure   Level
a - Beastly Appendage     Tmut           6%         N/A       21%         1
b - Wereblood             Tmut           3%         N/A       30%         2
c - Ozocubu's Armour      Ice            0%         N/A       73%         3

Your spell library contained the following spells:

 Spells                   Type           Power      Damage    Failure   Level
 Animate Skeleton         Necr           0%         N/A       36%         1
 Corona                   Hex            0%         N/A       36%         1
 Magic Dart               Conj           0%         1d3       36%         1
 Pain                     Necr           0%         1d4       36%         1
 Call Imp                 Summ           0%         N/A       50%         2
 Ensorcelled Hibernation  Hex/Ice        0%         N/A       50%         2
 Spider Form              Tmut/Pois      0%         N/A       63%         3
 Mephitic Cloud           Conj/Pois/Air  0%         N/A       73%         3
 Tukima's Dance           Hex            0%         N/A       73%         3
 Vampiric Draining        Necr           0%         2d6       73%         3
 Ice Form                 Ice/Tmut       1%         N/A       95%         4
 Iskenderun's Battlesphe  Conj           0%         2d6       100%        5
 Metabolic Englaciation   Hex/Ice        0%         N/A       100%        5
 Iron Shot                Conj/Erth      0%         9d1       100%        6
 Simulacrum               Ice/Necr       0%         N/A       100%        6
 Ozocubu's Refrigeration  Ice            0%         4d5       100%        7
 Spellforged Servitor     Conj/Summ      0%         N/A       100%        7


Dungeon Overview and Level Annotations

Branches:
Dungeon (10/15)            Temple (1/1) D:4           Sewer (visited)
   Lair: D:8-11         Orc: D:9-12

Altars:
Ashenzari
Cheibriados
Dithmenos
Elyvilon
Fedhas
Gozag
Hepliaklqana
Kikubaaqudgha
Makhleb
Nemelex Xobeh
Okawaru
Qazlal
Ru
Sif Muna
Trog
Uskayaw
Vehumet
Wu Jian
Xom
Yredelemnul
Zin
The Shining One


Innate Abilities, Weirdness & Mutations

You are too large for most types of armour.
You have claws for hands.
Your natural rate of healing is unusually fast.
You are covered in fur. (AC +1)
You have tough skin. (AC +1)


Message History

The centaur warrior unwields a +4 trident of protection.
The centaur warrior wields a +0 shortbow.
The centaur warrior shoots an arrow.
The arrow hits you!!
The centaur warrior shoots an arrow.
The arrow misses you.
The centaur warrior shoots an arrow.
The arrow hits you!
The centaur warrior shoots an arrow.
The arrow hits you!
* * * LOW HITPOINT WARNING * * *
The centaur warrior shoots an arrow.
The arrow hits you!
* * * LOW HITPOINT WARNING * * *
The centaur warrior shoots an arrow.
The arrow hits you.
* * * LOW HITPOINT WARNING * * *
The centaur warrior shoots an arrow.
The arrow hits you!!
* * * LOW HITPOINT WARNING * * *
The centaur warrior unwields a +0 shortbow.
The centaur warrior wields a +4 trident of protection.
The centaur warrior hits you with a +4 trident of protection.
* * * LOW HITPOINT WARNING * * *
The centaur warrior kicks you.
* * * LOW HITPOINT WARNING * * *
The centaur warrior hits you with a +4 trident of protection!
* * * LOW HITPOINT WARNING * * *
The centaur warrior kicks you but does no damage.
You scratch the centaur warrior but do no damage.
The centaur warrior hits you with a +4 trident of protection.
* * * LOW HITPOINT WARNING * * *
The centaur warrior closely misses you.
You scratch the centaur warrior but do no damage.
The centaur warrior hits you with a +4 trident of protection.
* * * LOW HITPOINT WARNING * * *
The centaur warrior kicks you.
* * * LOW HITPOINT WARNING * * *
Okay, then.
You scratch the centaur warrior but do no damage.
The centaur warrior hits you with a +4 trident of protection!
* * * LOW HITPOINT WARNING * * *
The centaur warrior kicks you but does no damage.
You mangle the centaur warrior!!
The centaur warrior is heavily wounded.
The centaur warrior hits you with a +4 trident of protection!
You die...

#.....................
#...............#
#...............#
#...............###
#..................
#..................
#..................
#..................
#..........@c......
#..................
#..................
#..................
###################


You could see a centaur warrior.

Vanquished Creatures
  An ugly thing (D:9)
  An unseen horror (D:8)
  2 trolls
  A hornet (D:9)
  17 yaks (D:10)
  A steam dragon (D:9)
  An acid dragon (D:8)
  2 water moccasins
  Duvessa (D:5)
  Purgy (Sewer)
  An ice beast (D:5)
  2 sky beasts
  3 orc warriors (D:9)
  4 necrophages
  3 ogres (D:5)
  A centaur (D:6)
  3 bullfrogs
  4 kobold brigands
  A scorpion (D:5)
  Dowan (D:5)
  A wyvern skeleton (D:7)
  A water moccasin skeleton (D:5)
  4 killer bees
  5 wights
  4 howler monkeys
  A centaur zombie (D:8)
  An orc priest (D:9)
  3 hounds
  3 gnoll shamans
  2 bullfrog skeletons
  4 jellies
  3 iguanas (D:5)
  8 orc wizards
  2 hound zombies (D:5)
  A hound skeleton (D:4)
  A howler monkey zombie (D:9)
  14 gnolls
  A howler monkey skeleton (D:7)
  10 adders
  A shadow imp (D:6)
  2 white imps
  2 worms (D:3)
  2 dart slugs
  21 orcs
  6 ball pythons
  7 endoplasms
  3 giant cockroaches
  6 goblins
  11 hobgoblins
  11 jackals
  3 quokkas
  3 bats
  4 frilled lizards
  13 kobolds
  5 rats (D:1)
220 creatures vanquished.

Vanquished Creatures (collateral kills)
  A quokka (D:5)
1 creature vanquished.

Vanquished Creatures (others)
  12 fungi
12 creatures vanquished.

Grand Total: 233 creatures vanquished

Notes
Turn   | Place    | Note
-------+----------+-------------------------------------------
     0 | D:1      | Strat the Troll Transmuter began the quest for the Orb.
     0 | D:1      | Reached XP level 1. HP: 18/18 MP: 1/1
   113 | D:1      | Reached XP level 2. HP: 26/26 MP: 2/2
   336 | D:1      | Reached skill level 4 in Unarmed Combat
   575 | D:1      | Reached XP level 3. HP: 32/32 MP: 3/3
  1146 | D:2      | Found a faded altar of an unknown god.
  1598 | D:3      | Found a radiant altar of Vehumet.
  1603 | D:3      | Found a snail-covered altar of Cheibriados.
  1966 | D:3      | Reached XP level 4. HP: 40/40 MP: 4/4
  1999 | D:3      | Reached skill level 5 in Unarmed Combat
  2337 | D:4      | Found a staircase to the Ecumenical Temple.
  2346 | Temple   | Entered the Ecumenical Temple
  2506 | Temple   | Became a worshipper of the Wu Jian Council
  2659 | D:4      | Reached XP level 5. HP: 32/46 MP: 5/5
  2677 | D:4      | Learned a level 2 spell: Wereblood
  2681 | D:4      | Learned a level 3 spell: Ozocubu's Armour
  2713 | D:4      | Reached skill level 6 in Unarmed Combat
  2975 | D:5      | Entered Level 5 of the Dungeon
  3031 | D:5      | Found a glowing drain.
  3057 | Sewer    | Entered a sewer
  3181 | Sewer    | Noticed Purgy
  3189 | Sewer    | Killed Purgy
  3190 | Sewer    | Reached skill level 7 in Unarmed Combat
  3190 | Sewer    | Reached XP level 6. HP: 36/54 MP: 6/6
  3231 | D:5      | Noticed a sky beast
  3243 | D:5      | Killed a sky beast
  3256 | D:5      | Reached * piety under Wu Jian
  3324 | D:5      | Reached skill level 8 in Unarmed Combat
  3330 | D:5      | Reached XP level 7. HP: 57/61 MP: 7/7
  3569 | D:5      | Noticed Dowan
  3570 | D:5      | Noticed Duvessa
  3577 | D:5      | Killed Duvessa
  3579 | D:5      | Killed Dowan
  3580 | D:5      | Reached skill level 9 in Unarmed Combat
  3645 | D:5      | Found a burning altar of Makhleb.
  3727 | D:5      | Found a glowing golden altar of the Shining One.
  3809 | D:5      | Reached XP level 8. HP: 65/68 MP: 8/8
  3810 | D:5      | Reached skill level 10 in Unarmed Combat
  3822 | D:5      | Reached skill level 1 in Fighting
  3822 | D:5      | Found a sparkling altar of Nemelex Xobeh.
  3900 | D:5      | Found an iron altar of Okawaru.
  3964 | D:5      | Identified the +1 scale mail of the Hidden Vale {Rampage
                  | Str+3}
  4262 | D:5      | Found an ancient bone altar of Kikubaaqudgha.
  4455 | D:6      | Reached ** piety under Wu Jian
  4528 | D:6      | Reached skill level 11 in Unarmed Combat
  4536 | D:6      | Reached XP level 9. HP: 81/84 MP: 9/9
  4975 | D:7      | Found a shimmering altar of Xom.
  5049 | D:7      | Found a hide-covered altar of Uskayaw.
  5105 | D:7      | Identified the +0 ring mail of Ohoicw {*Slow rElec rPois
                  | Stlth-}
  5590 | D:8      | Reached skill level 5 in Fighting
  6207 | D:8      | Reached *** piety under Wu Jian
  6357 | D:8      | Killed an unseen horror
  6358 | D:8      | Reached skill level 12 in Unarmed Combat
  6632 | D:9      | Paralysed by a hornet for 1 turns
  6756 | D:9      | Reached XP level 10. HP: 40/98 MP: 10/10
  6819 | D:9      | Identified the +4 ring mail "Kosmokoa" {Dex+5}
  6920 | D:9      | Noticed a white ugly thing
  7132 | D:9      | Killed a white ugly thing
  7133 | D:9      | Reached skill level 13 in Unarmed Combat
  7299 | D:9      | Identified the +1 robe of the Hall of Blades {+Blink Str+5
                  | Dex-3}
  7299 | D:9      | Noticed a centaur warrior
  7523 | D:9      | Identified a scroll of acquirement
  7523 | D:9      | Acquired a manual of Unarmed Combat
  7639 | D:9      | Noticed a seven-headed hydra
  7695 | D:10     | Entered Level 10 of the Dungeon
  7758 | D:10     | Reached skill level 14 in Unarmed Combat
  7804 | D:10     | Reached **** piety under Wu Jian
  7994 | D:10     | Reached XP level 11. HP: 66/109 MP: 11/11
  8180 | D:10     | Noticed a boulder beetle
  8479 | D:9      | HP: 3/109 [centaur warrior (9)]
  8480 | D:9      | Mangled by a centaur warrior

Illustrated notes

Levels and vault maps discovered:
D:1:      dpeg_arrival_orchard, layout_loops_corners, grunt_decor_fettered
D:2:      layout_loops_ring, hellmonk_ecumenical_altar_run_dry
D:3:      layout_basic, chequers_temple_overflow_statue_of_worship,
          kennysheep_generic_room_15
D:4:      layout_rooms, minmay_temple_entry_antechambers
D:5:      minmay_chambers_of_threes, layout_loops_ring,
          mainiacjoe_overflow_chevrons, nicolae_overflow_quartered_altars,
          gup_sewer_entry_pipe, small_statue_intersection, uniq_duvessa
D:6:      layout_loops_ring
D:7:      layout_rooms, mainiacjoe_overflow_boulevard,
          mainiacjoe_overflow_alcove_4
D:8:      layout_loops_corners, kennysheep_generic_room_12
D:9:      layout_long_grid, minmay_the_grid_2x2 [minmay_the_grid_doors,
          minmay_the_grid_minigrid_large, minmay_the_grid_mess,
          minmay_the_grid_prize_shrinking_boxes]
D:10:     layout_big_octagon, serial_column_ruins, column_ruins_hut_ruined,
          column_ruins_columns_T, column_ruins_grid_4,
          column_ruins_corridor_straight, column_ruins_corridor_straight,
          st_stairs_1, mrwooster_statue_mirror
Temple:   dshaligram_water_room_temple

Skill      XL: |  1  2  3  4  5  6  7  8  9 10 |
---------------+-------------------------------+-----
Unarmed Combat | 4 5 7 8 9 11 12 14 | 14.9
Fighting       | 4 6 7 |  7.4
Dodging        | |  1.5
Spellcasting   | |  1.2
Transmutations | |  1.3

Action                   |  1- 3 |  4- 6 |  7- 9 | 10-12 || total
-------------------------+-------+-------+-------+-------++-------
Melee: Unarmed           |    99 |   131 |   279 |   136 ||   645
       Punch             |     1 |     1 |    10 |     6 ||    18
Throw: Stone             |       |       |     4 |       ||     4
Invok: Lunge             |       |    10 |    19 |    10 ||    39
       Whirlwind         |       |       |    13 |     7 ||    20
Evoke: Wand              |       |       |     3 |     9 ||    12
  Use: Scroll            |       |    11 |     4 |     3 ||    18
       Potion            |       |       |     3 |       ||     3
 Stab: Sleeping          |     1 |     1 |       |       ||     2
Armor: Robe              |    36 |    28 |    74 |    19 ||   157
Dodge: Dodged            |    34 |    48 |    94 |    41 ||   217
